 Dungeon Crawl Stone Soup version 0.30.1 (webtiles) character file.

Game seed: 1028282202133479585

138344 GimliDwarf the Thaumaturge (level 16, -1/114 HPs)
             Began as a Gnoll Wanderer on July 3, 2023.
             Was the Champion of Dithmenos.
             Succumbed to a merfolk's poison
             ... on level 4 of the Shoals.
             The game lasted 01:44:47 (27983 turns).

GimliDwarf the Thaumaturge (Gnoll Wanderer)        Turns: 27983, Time: 01:44:48

Health: -1/114     AC: 14    Str: 15    XL:     16   Next: 95%
Magic:  29/34      EV: 18    Int: 20    God:    Dithmenos [******]
Gold:   528        SH:  0    Dex: 16    Spells: 22/44 levels left

rFire   + + .        x - +5 short sword "Lohaiteg" {flame, Fly rF++ rC+ Stlth+}
rCold   + . .        (no shield)
rNeg    . . .        m - +1 troll leather armour
rPois   .            n - +2 helmet
rElec   .            K - +2 cloak {Stlth+}
rCorr   .            (no gloves)
SInv    .            (no boots)
Will    ++...        E - amulet of the acrobat Stlth ***+++++++
                     F - +6 ring of intelligence
HPRegen 1.19/turn    z - ring of willpower
MPRegen 0.24/turn

%: acrobat
@: lethally poisoned (-1 -> -15), flying, wreathed by umbra, studying Evocations
A: fangs 1, strong nose, distributed training, frail 1, strong 1
}: 1/15 runes: barnacled
a: Renounce Religion, Shadow Step, Shadow Form


You were on level 4 of the Shoals.
You worshipped Dithmenos.
Dithmenos was exalted by your worship.
You visited 5 branches of the dungeon, and saw 25 of its levels.
You also visited: Sewer and Bailey.

You collected 2717 gold pieces.
You spent 2189 gold pieces at shops.

Inventory:

Hand Weapons
 a - a +9 quarterstaff of chaos
 l - a +3 heavy bardiche
 r - a +0 antimagic longbow
 x - the +5 short sword "Lohaiteg" (weapon) {flame, Fly rF++ rC+ Stlth+}
   (You found it on level 4 of the Dungeon)

   rF:        It greatly protects you from fire.
   rC:        It protects you from cold.
   Fly:       It grants you flight.
   Stlth:     It makes you more stealthy.
 D - the +12 pair of quick blades "Gyre" and "Gimble" {protect}
   (You acquired it on level 10 of the Dungeon)
Missiles
 y - 3 throwing nets
Armour
 e - a +3 buckler
 m - a +1 troll leather armour (worn)
 n - a +2 helmet (worn)
 H - a +2 kite shield of reflection
 K - a +2 cloak of stealth (worn)
Jewellery
 z - a ring of willpower (right hand)
 A - an amulet of regeneration
 E - an amulet of the acrobat (around neck)
 F - a +6 ring of intelligence (left hand)
 G - an amulet of magic regeneration
Wands
 d - a wand of flame (8)
 i - a wand of digging (6)
 s - a wand of charming (14)
 t - a wand of iceblast (3)
Scrolls
 b - a scroll of magic mapping
 f - 3 scrolls of teleportation
 g - 7 scrolls of poison
 p - 3 scrolls of fog
 v - 3 scrolls of fear
 C - 11 scrolls of identify
Potions
 c - 5 potions of lignification
 h - 3 potions of haste
 j - 4 potions of resistance
 k - 4 potions of flight
 o - 12 potions of curing
 q - 9 potions of heal wounds
 u - 4 potions of brilliance
 w - a potion of magic
 B - 2 potions of might
 J - a potion of invisibility
Miscellaneous
 L - a condenser vane


   Skills:
 + Level 11.6 Fighting
 + Level 11.6 Short Blades
 + Level 11.6 Long Blades
 + Level 11.6 Axes
 + Level 11.6 Maces & Flails
 + Level 11.6 Polearms
 + Level 11.6 Staves
 + Level 11.6 Ranged Weapons
 + Level 11.6 Throwing
 + Level 11.6 Armour
 + Level 11.6 Dodging
 + Level 11.6 Stealth
 + Level 12.5 Shields
 + Level 11.6 Unarmed Combat
 + Level 14.6 Spellcasting
 + Level 9.8 Conjurations
 + Level 9.8 Hexes
 + Level 9.8 Summonings
 + Level 9.8 Necromancy
 + Level 9.8 Translocations
 + Level 9.8 Transmutations
 + Level 9.8 Fire Magic
 + Level 9.8 Ice Magic
 + Level 9.8 Air Magic
 + Level 9.8 Earth Magic
 + Level 9.8 Poison Magic
 + Level 12.6 Invocations
 + Level 14.5 Evocations


You had 22 spell levels left.
You knew the following spells:

 Your Spells              Type           Power      Damage    Failure   Level
a - Plasma Beam           Fire/Air       26%        2x1d42    13%         6
b - Frozen Ramparts       Ice            100%       1d16      1%          3
c - Mephitic Cloud        Conj/Pois/Air  52%        N/A       1%          3
d - Olgreb's Toxic Radia  Pois           52%        N/A       1%          4
e - Scorch                Fire           100%       2d9       1%          2
f - Flame Wave            Conj/Fire      52%        2d13      1%          4

Your spell library contained the following spells:

 Spells                   Type           Power      Damage    Failure   Level
 Shock                    Conj/Air       100%       1d9       1%          1
 Sting                    Tmut/Pois      100%       1d8       1%          1
 Summon Small Mammal      Summ           100%       N/A       1%          1
 Blink                    Tloc           100%       N/A       1%          2
 Ensorcelled Hibernation  Hex/Ice        100%       N/A       1%          2
 Lesser Beckoning         Tloc           100%       N/A       1%          2
 Momentum Strike          Conj/Tloc      100%       3d10      1%          2
 Passwall                 Tmut/Erth      43%        N/A       1%          2
 Wereblood                Tmut           52%        N/A       1%          2
 Call Canine Familiar     Summ           52%        N/A       1%          3
 Dazzling Flash           Conj/Hex       100%       N/A       1%          3
 Spider Form              Tmut/Pois      52%        N/A       1%          3
 Summon Guardian Golem    Hex/Summ       52%        N/A       1%          3
 Swiftness                Air            52%        N/A       1%          3
 Anguish                  Hex/Necr       26%        N/A       1%          4
 Animate Dead             Necr           52%        N/A       1%          4
 Fulminant Prism          Conj/Hex       26%        3d14      1%          4
 Agony                    Necr           52%        N/A       2%          5
 Borgnjor's Vile Clutch   Necr/Erth      26%        N/A       2%          5
 Silence                  Hex/Air        26%        N/A       2%          5
 Death Channel            Necr           26%        N/A       13%         6
 Summon Cactus Giant      Summ           26%        N/A       13%         6
 Chain Lightning          Conj/Air       26%        3d34      100%        9
 Polar Vortex             Ice            26%        N/A       100%        9


Dungeon Overview and Level Annotations

Branches:
Dungeon (13/15)            Temple (1/1) D:5            Lair (5/5) D:11
 Shoals (4/4) Lair:2        Snake (0/4) Lair:3        Slime (0/5) Lair:4
    Orc (2/2) D:10            Elf (0/3) Orc:2         Sewer (visited)
 Bailey (visited)
 Vaults: D:13-14

Altars:
Ashenzari
Cheibriados
Dithmenos
Elyvilon
Fedhas
Gozag
Hepliaklqana
Kikubaaqudgha
Makhleb
Nemelex Xobeh
Okawaru
Qazlal
Ru
Sif Muna
Trog
Uskayaw
Vehumet
Wu Jian
Xom
Yredelemnul
Zin
The Shining One
Jiyva

Shops:
D:10 *   Orc:1 [   Orc:2 =(**!   Shoals:3 :(

Annotations:
D:9 3 runed translucent doors, nroviw's ghost, novice MiBe
D:10 2 transporters, nroviw's ghost, journeyman DsFE
Lair:2 2 transporters, Fecro's ghost, journeyman SpBr
Lair:4 1 runed translucent door


Innate Abilities, Weirdness & Mutations

You have very sharp teeth.
Your uncanny sense of smell can sniff out nearby items.
Your experience applies equally to all skills.
You are frail. (-10% HP)
Your muscles are strong. (Str +4, Int/Dex -1)


Message History

The tentacle barely misses you. The tentacle closely misses you.
The tentacle slaps you but does no damage.
Okay, then.
The kraken attacks as you move away! The kraken barely misses you.
The tentacle barely misses you. The tentacle closely misses you.
The merfolk hits you with a +5 dagger of venom!
You emit a cloud of dark smoke.
You are poisoned.
The tentacle closely misses you. The tentacle barely misses you.
The tentacle completely misses you. The merfolk attacks as you move away!
The merfolk misses you.
You feel very sick. The tentacle barely misses you.
The tentacle slaps you but does no damage.
A tentacle segment bursts forth from the water.
The tentacle completely misses you. The tentacle slaps you!
* * * LOW HITPOINT WARNING * * *
You feel very sick. The merfolk attacks as you move away!
The merfolk completely misses you.
You feel sick.
You barely miss the merfolk. Your punch misses the merfolk.
Your shadow barely misses the merfolk.
You feel sick. The merfolk closely misses you.
You closely miss the merfolk.
You feel sick.
You hit the merfolk. You burn the merfolk.
The merfolk is lightly wounded.
You feel sick. The merfolk barely misses you.
You hit the merfolk. You burn the merfolk. Your punch misses the merfolk.
The merfolk is lightly wounded.
You feel sick.
Your magical contamination has completely faded away.
You hit the merfolk but do no damage. Your bite misses the merfolk.
The merfolk is lightly wounded.
The merfolk hits you with a +5 dagger of venom!
* * * LOW HITPOINT WARNING * * *
You are lethally poisoned!
You hit the merfolk. You burn the merfolk. Your bite misses the merfolk.
The merfolk is lightly wounded.
Your shadow hits the merfolk with a short sword.
You die...

#≈≈≈≈~m~~≈~~~....## ##.
#≈≈≈~~§§~≈~~~~....## ##..
#§§§§§§§~~~~~~.....#######~~~
#§§§§§§§§§§~~~~..........~~~~
#≈§§§§§§§§§§≈≈~..........~~~~
#≈§§§§§§§§§§§≈≈............~~
#≈≈§≈≈~≈~§§§§≈~...###.####.~~
#≈≈§≈≈≈≈§.§m§~~........# #...
#§≈≈≈≈≈~...#@~≈≈~......# ##..
#≈≈≈≈≈≈≈...#^≈≈≈≈≈~.~~.# #..
#≈≈≈≈≈≈~.....~≈≈≈≈≈≈≈~.# #..
#≈≈≈~~~≈~.##....≈≈≈≈~~..###..
#≈≈~~~~~..#.~~~.~≈≈≈≈≈~.....~
#≈≈~~.....~......≈≈≈≈≈~~.~~~≈
#≈≈~~.##.~...#...~≈~~≈~~~≈≈≈≈
≈≈~.. #...#######~~≈~~~~~≈≈≈
≈≈~ ...##≈≈≈≈≈##~~~~~~~≈~~


You could see a merfolk.

Vanquished Creatures
  Polyphemus (Shoals:3)
  2 krakens
  4 orc warlords (Orc:2)
  An ettin (Orc:1)
  5 merfolk impalers
  A merfolk javelineer (Shoals:4)
  7 hydras
  3 merfolk avatars
  An ice dragon (Lair:1)
  4 catoblepae
  A centaur warrior (D:13)
  3 two-headed ogres
  A boulder beetle (D:13)
  3 alligator snapping turtles
  2 merfolk aquamancers
  2 satyrs (Shoals:3)
  17 death yaks
  Nergalle (Lair:1)
  6 skysharks
  11 sea snakes
  4 orc knights
  14 harpies
  10 fauns (Shoals:3)
  10 orc sorcerers (Orc:2)
  An oklob plant (Lair:5)
  2 cyclopes
  An ugly thing (D:12)
  18 manticores
  4 black mambas
  9 elephants
  5 merfolk sirens
  11 water nymphs
  A gargoyle (D:10)
  8 cane toads
  8 rime drakes
  11 komodo dragons
  9 trolls
  12 wind drakes
  A hornet (D:10)
  10 dream sheep
  A polar bear (Lair:5)
  16 blink frogs
  17 merfolk
  6 snapping turtles
  A shadow (D:10)
  5 water elementals
  3 wraiths
  6 wyverns
  54 yaks
  2 steam dragons
  5 basilisks
  11 wargs
  Menkaure (D:5)
  A naga (Lair:3)
  4 acid dragons
  14 water moccasins
  40 orc warriors
  2 ice beasts
  2 sky beasts (D:6)
  11 ogres
  11 wolves
  17 centaurs
  2 kobold brigands (Sewer)
  12 bullfrogs
  2 gnoll sergeants
  2 scorpions
  13 killer bees
  4 hounds (D:5)
  2 jellies (D:5)
  9 orc priests
  Crazy Yiuf (D:6)
  32 orc wizards
  An iguana (D:7)
  16 gnolls
  3 adders
  A river rat (D:6)
  A shadow imp (D:6)
  3 white imps
  2 ufetubi
  2 worms
  2 dart slugs
  108 orcs
  13 ball pythons
  2 bats
  10 endoplasms
  5 giant cockroaches
  10 goblins
  8 hobgoblins
  20 jackals
  3 quokkas (D:2)
  7 frilled lizards
  15 kobolds
  8 rats
  A spectral hobgoblin (D:2)
  A butterfly (Lair:1)
  A tentacle (Shoals:2)
777 creatures vanquished.

Vanquished Creatures (others)
  21 tentacles
21 creatures vanquished.

Grand Total: 798 creatures vanquished

Notes
Turn   | Place    | Note
-------+----------+-------------------------------------------
     0 | D:1      | GimliDwarf the Gnoll Wanderer began the quest for the Orb.
     0 | D:1      | GimliDwarf set off with the following items: a +0 dagger, a
                  | wand of flame (7), a potion of lignification, a +0 robe, a
                  | +2 buckler; and the following spells available to memorise:
                  | Passwall, Wereblood.
     0 | D:1      | Reached XP level 1. HP: 13/13 MP: 10/10
     1 | D:1      | Got the Catalogue of Toxins and Hail
     4 | D:1      | Learned a level 1 spell: Sting
    77 | D:1      | Reached XP level 2. HP: 20/20 MP: 9/12
   402 | D:1      | Reached XP level 3. HP: 25/25 MP: 9/13
   467 | D:1      | Reached skill level 1 in Invocations
   835 | D:1      | Reached skill level 1 in Fighting
   835 | D:1      | Reached skill level 1 in Short Blades
   835 | D:1      | Reached skill level 1 in Long Blades
   835 | D:1      | Reached skill level 1 in Axes
   835 | D:1      | Reached skill level 1 in Maces & Flails
   835 | D:1      | Reached skill level 1 in Polearms
   835 | D:1      | Reached skill level 1 in Staves
   835 | D:1      | Reached skill level 1 in Ranged Weapons
   835 | D:1      | Reached skill level 1 in Throwing
   835 | D:1      | Reached skill level 1 in Armour
   835 | D:1      | Reached skill level 1 in Dodging
   835 | D:1      | Reached skill level 1 in Stealth
   835 | D:1      | Reached skill level 1 in Unarmed Combat
  1060 | D:2      | Found a faded altar of an unknown god.
  1094 | D:2      | Reached XP level 4. HP: 31/32 MP: 9/15
  1470 | D:2      | Reached skill level 1 in Conjurations
  1470 | D:2      | Reached skill level 1 in Hexes
  1470 | D:2      | Reached skill level 1 in Summonings
  1470 | D:2      | Reached skill level 1 in Necromancy
  1470 | D:2      | Reached skill level 1 in Translocations
  1470 | D:2      | Reached skill level 1 in Transmutations
  1470 | D:2      | Reached skill level 1 in Fire Magic
  1470 | D:2      | Reached skill level 1 in Ice Magic
  1470 | D:2      | Reached skill level 1 in Air Magic
  1470 | D:2      | Reached skill level 1 in Earth Magic
  1470 | D:2      | Reached skill level 1 in Poison Magic
  2498 | D:3      | Reached XP level 5. HP: 37/37 MP: 16/16
  2756 | D:4      | Identified the +5 short sword "Lohaiteg" {flame, Fly rF++
                  | rC+ Stlth+}
  3468 | D:4      | Learned a level 3 spell: Frozen Ramparts
  3472 | D:4      | Learned a level 3 spell: Mephitic Cloud
  3477 | D:4      | Learned a level 4 spell: Olgreb's Toxic Radiance
  3478 | D:5      | Entered Level 5 of the Dungeon
  3495 | D:5      | Found a staircase to the Ecumenical Temple.
  3505 | Temple   | Entered the Ecumenical Temple
  3841 | Temple   | Became a worshipper of Dithmenos the Shadowed
  3907 | D:5      | Reached XP level 6. HP: 24/44 MP: 16/18
  3989 | D:5      | Reached skill level 5 in Shields
  4145 | D:5      | Learned a level 2 spell: Scorch
  4342 | D:5      | Noticed Menkaure
  4421 | D:5      | Killed Menkaure
  4422 | D:5      | Reached XP level 7. HP: 28/51 MP: 20/20
  5090 | D:6      | Reached XP level 8. HP: 58/58 MP: 21/21
  5444 | D:6      | Reached * piety under Dithmenos
  5482 | D:6      | Found a glowing drain.
  5506 | Sewer    | Entered a sewer
  5638 | Sewer    | Found a white marble altar of Elyvilon.
  5718 | D:6      | Reached skill level 10 in Spellcasting
  5986 | D:6      | Found a runed translucent door.
  5987 | D:6      | Noticed Crazy Yiuf
  6458 | D:6      | Gained mutation: You have sharp toenails. [potion of
                  | mutation]
  6459 | D:6      | Lost mutation: You have sharp toenails. [potion of
                  | mutation]
  6459 | D:6      | Gained mutation: You are frail. (-10% HP) [potion of
                  | mutation]
  6459 | D:6      | Gained mutation: Your muscles are strong. (Str +4, Int/Dex
                  | -1) [potion of mutation]
  6470 | D:6      | Killed Crazy Yiuf
  6536 | D:7      | Noticed a troll
  6759 | D:7      | Reached XP level 9. HP: 58/58 MP: 23/23
  6885 | D:7      | Killed a troll
  7010 | D:7      | Reached ** piety under Dithmenos
  7522 | D:8      | Found a broken altar of Ashenzari.
  7557 | D:8      | Identified the +2 chain mail "Zydoapp" {Drain rElec rPois
                  | Str+8}
  7605 | D:8      | Found the +5 robe of Misfortune {Harm *Corrode *Slow EV+5}
  7682 | D:8      | Found a flagged portal.
  7691 | Bailey   | Entered a bailey
  7900 | Bailey   | Reached skill level 5 in Invocations
  8164 | Bailey   | Reached skill level 5 in Fighting
  8164 | Bailey   | Reached skill level 5 in Short Blades
  8164 | Bailey   | Reached skill level 5 in Long Blades
  8164 | Bailey   | Reached skill level 5 in Axes
  8164 | Bailey   | Reached skill level 5 in Maces & Flails
  8164 | Bailey   | Reached skill level 5 in Polearms
  8164 | Bailey   | Reached skill level 5 in Staves
  8164 | Bailey   | Reached skill level 5 in Ranged Weapons
  8164 | Bailey   | Reached skill level 5 in Throwing
  8164 | Bailey   | Reached skill level 5 in Armour
  8164 | Bailey   | Reached skill level 5 in Dodging
  8164 | Bailey   | Reached skill level 5 in Stealth
  8164 | Bailey   | Reached skill level 5 in Unarmed Combat
  8164 | Bailey   | Reached XP level 10. HP: 63/66 MP: 13/24
  8166 | Bailey   | Reached skill level 10 in Evocations
  8389 | Bailey   | Reached *** piety under Dithmenos
  9208 | D:9      | Found a runed translucent gate.
  9554 | D:9      | Found a runed translucent gate.
  9554 | D:9      | Found a runed translucent gate.
  9555 | D:9      | Noticed nroviw's ghost (novice MiBe)
  9959 | D:9      | Found a viscous altar of Jiyva.
  9973 | D:10     | Entered Level 10 of the Dungeon
 10124 | D:10     | Reached skill level 5 in Conjurations
 10124 | D:10     | Reached skill level 5 in Hexes
 10124 | D:10     | Reached skill level 5 in Summonings
 10124 | D:10     | Reached skill level 5 in Necromancy
 10124 | D:10     | Reached skill level 5 in Translocations
 10124 | D:10     | Reached skill level 5 in Transmutations
 10124 | D:10     | Reached skill level 5 in Fire Magic
 10124 | D:10     | Reached skill level 5 in Ice Magic
 10124 | D:10     | Reached skill level 5 in Air Magic
 10124 | D:10     | Reached skill level 5 in Earth Magic
 10124 | D:10     | Reached skill level 5 in Poison Magic
 10200 | D:10     | Reached XP level 11. HP: 72/72 MP: 22/26
 10248 | D:10     | Found a staircase to the Orcish Mines.
 10456 | D:10     | Noticed a two-headed ogre
 10529 | D:10     | Killed a two-headed ogre
 10685 | D:10     | Reached **** piety under Dithmenos
 10739 | D:10     | Found Kaym's Assorted Antiques.
 10743 | D:10     | Bought a scroll labelled GAQAYS RUCECH for 21 gold pieces
 10743 | D:10     | Bought a scroll labelled ANOTAU FATAMUUFETS for 21 gold
                  | pieces
 10859 | D:10     | Found a transporter.
 10861 | D:10     | Noticed a tengu warrior
 10865 | D:10     | Found a transporter.
 10871 | D:10     | Found a bloodstained altar of Trog.
 10883 | D:10     | Noticed a moth of wrath
 10884 | D:10     | Noticed nroviw's ghost (journeyman DsFE)
 11129 | D:11     | Noticed a two-headed ogre
 11177 | D:10     | Identified a scroll of acquirement
 11177 | D:10     | Acquired the +12 pair of quick blades "Gyre" and "Gimble"
                  | {protect}
 11177 | D:10     | Found the +12 pair of quick blades "Gyre" and "Gimble"
                  | {protect}
 11207 | D:11     | Found a white marble altar of Elyvilon.
 11250 | D:11     | Noticed a manticore
 11265 | D:11     | Killed a manticore
 11360 | D:11     | You are sucked into a shaft and drop 2 floors!
 11398 | D:13     | Noticed a centaur warrior
 11400 | D:13     | Noticed a manticore
 11407 | D:13     | Killed a centaur warrior
 11411 | D:13     | Killed a manticore
 11414 | D:13     | Noticed a boulder beetle
 11441 | D:13     | Killed a boulder beetle
 11646 | D:12     | Noticed a cyan ugly thing
 11665 | D:12     | Killed a cyan ugly thing
 11878 | D:11     | Killed a two-headed ogre
 11879 | D:11     | Reached XP level 12. HP: 81/81 MP: 20/27
 11948 | D:11     | Noticed a two-headed ogre
 11959 | D:11     | Killed a two-headed ogre
 12498 | D:11     | Found a staircase to the Lair.
 12564 | Lair:1   | Entered Level 1 of the Lair of Beasts
 12855 | Lair:1   | Reached ***** piety under Dithmenos
 12884 | Lair:1   | Noticed Nergalle
 12898 | Lair:1   | Killed Nergalle
 13235 | Lair:1   | Noticed an ice dragon
 13306 | D:11     | Learned a level 4 spell: Flame Wave
 13650 | Lair:1   | Killed an ice dragon
 13919 | Lair:2   | Noticed a five-headed hydra
 13924 | Lair:2   | Noticed a skyshark
 13943 | Lair:2   | Found a staircase to the Shoals.
 14030 | Lair:2   | Noticed a skyshark
 14051 | Lair:2   | Killed a skyshark
 14062 | Lair:2   | Killed a skyshark
 14124 | Lair:2   | Reached XP level 13. HP: 39/88 MP: 27/29
 14179 | Lair:2   | Found a transporter.
 14187 | Lair:2   | Found a transporter.
 14441 | Lair:2   | Noticed Fecro's ghost (journeyman SpBr)
 15201 | Lair:3   | Found a staircase to the Snake Pit.
 15467 | Lair:3   | Reached skill level 10 in Shields
 16118 | Lair:4   | Reached XP level 14. HP: 96/97 MP: 20/30
 16121 | Lair:4   | Reached skill level 10 in Invocations
 16170 | Lair:4   | Found a runed translucent door.
 16171 | Lair:4   | Found a viscous altar of Jiyva.
 16172 | Lair:4   | Identified the +1 robe of the Howling Gods {rElec rN+ Str+2
                  | Dex+3}
 16584 | Lair:4   | Found a staircase to the Slime Pits.
 17268 | Lair:5   | Entered Level 5 of the Lair of Beasts
 18319 | Lair:5   | Reached ****** piety under Dithmenos
 19314 | Orc:1    | Entered Level 1 of the Orcish Mines
 19324 | Orc:1    | Reached skill level 10 in Fighting
 19324 | Orc:1    | Reached skill level 10 in Short Blades
 19324 | Orc:1    | Reached skill level 10 in Long Blades
 19324 | Orc:1    | Reached skill level 10 in Axes
 19324 | Orc:1    | Reached skill level 10 in Maces & Flails
 19324 | Orc:1    | Reached skill level 10 in Polearms
 19324 | Orc:1    | Reached skill level 10 in Staves
 19324 | Orc:1    | Reached skill level 10 in Ranged Weapons
 19324 | Orc:1    | Reached skill level 10 in Throwing
 19324 | Orc:1    | Reached skill level 10 in Armour
 19324 | Orc:1    | Reached skill level 10 in Dodging
 19324 | Orc:1    | Reached skill level 10 in Stealth
 19324 | Orc:1    | Reached skill level 10 in Unarmed Combat
 19588 | Orc:1    | Found a shimmering altar of Xom.
 19720 | Orc:2    | Entered Level 2 of the Orcish Mines
 19877 | Orc:2    | Reached XP level 15. HP: 102/103 MP: 24/32
 20137 | Orc:2    | Found Enoan's Jewellery Boutique.
 20185 | Orc:2    | Found Dochiek's Weapon Emporium.
 20237 | Orc:2    | Found Difrylud's Assorted Antiques.
 20261 | Orc:2    | Bought a scroll of enchant weapon for 187 gold pieces
 20283 | Orc:2    | Found Ceol Rios's General Store.
 20332 | Orc:2    | Noticed an orc warlord
 20384 | Orc:1    | HP: 4/103 [ettin/+0 dire flail (25)]
 20518 | Orc:2    | Found Giteirph's Distillery.
 20529 | Orc:2    | Bought a potion of heal wounds for 85 gold pieces
 20529 | Orc:2    | Bought a potion of heal wounds for 85 gold pieces
 20529 | Orc:2    | Bought a potion of heal wounds for 85 gold pieces
 20548 | Orc:2    | Found a staircase to the Elven Halls.
 20647 | Orc:2    | Identified the amulet "Etalif" {-Cast Rampage Regen+ Str+4}
 20649 | Orc:2    | Noticed an orc warlord
 20652 | Orc:2    | Noticed an orc warlord
 20652 | Orc:2    | Noticed an orc warlord
 20694 | Orc:2    | Killed an orc warlord
 20767 | Orc:2    | Killed an orc warlord
 21077 | Orc:2    | Killed an orc warlord
 21185 | Orc:2    | Killed an orc warlord
 21330 | Orc:2    | Got the Parchment of the Lungs and the Sphinx
 21581 | Orc:1    | Found Xehyax Fuada's Armour Shoppe.
 21887 | Shoals:1 | Entered Level 1 of the Shoals
 22452 | Shoals:1 | Noticed a kraken
 22956 | Shoals:1 | Learned a level 6 spell: Plasma Beam
 23017 | Shoals:1 | Killed a kraken
 23807 | Shoals:2 | Noticed a kraken
 23830 | Shoals:2 | Killed a kraken
 24204 | Shoals:3 | Reached XP level 16. HP: 92/111 MP: 34/34
 24389 | Shoals:3 | Found Ryem's Antique Weapon Shoppe.
 25328 | Shoals:3 | Noticed Polyphemus
 25631 | Shoals:3 | Killed Polyphemus
 26060 | Shoals:3 | Found Dapticweu's Vocational Training.
 26719 | D:10     | Bought a potion of heal wounds for 105 gold pieces
 26942 | Shoals:3 | Bought a manual of Evocations for 1600 gold pieces
 26950 | Shoals:4 | Entered Level 4 of the Shoals
 27023 | Shoals:4 | Found the +10 morningstar "Eos" {elec, Halo rElec}
 27541 | Shoals:4 | Identified the +6 hand axe "Hoattuj" {elec, *Corrode rN+
                  | Dex+2}
 27868 | Shoals:4 | Got a barnacled rune of Zot
 27956 | Shoals:4 | Noticed a kraken
 27982 | Shoals:4 | HP: 1/114 [merfolk/+5 dagger of venom (17)]
 27983 | Shoals:4 | Succumbed to a merfolk's poison

Illustrated notes

Levels and vault maps discovered:
D:1:      giann_bridges, layout_rooms, corexii_corridor_pit, feat_on_display
D:2:      layout_rooms, dreamdust_ecumenical_altar_drowned_temple,
          minmay_tetromino_o4
D:3:      layout_basic, minmay_randomly_rotated_circles
D:4:      layout_loops_ring, kennysheep_flooded_box
D:5:      layout_loops_ring, minmay_temple_entry_butterflies, uniq_menkaure
D:6:      layout_basic, portal_sewer_entry_c, minivault_1,
          uniq_crazy_yiuf_cottage
D:7:      layout_basic, nicolae_sextant
D:8:      layout_loops_ring, nicolae_ashenzari_skybound, enter_bailey_8
D:9:      layout_irregular_city, gammafunk_ghost_ooze, chequers_mini_garden
D:10:     layout_stronghold, david_orc_2, serial_shops,
          nicolae_shop_back_alley_shop, gammafunk_ghost_wrathful_warriors
D:11:     layout_rooms, erik_lair_dragon, elyvilon_altar_1
D:12:     layout_loops_ring, uniq_kirke
D:13:     layout_loops_ring, ebering_ghost_reflecting_pool
Temple:   mainiacjoe_temple_circle_huts
Lair:1:   dragon1_lemuel, layout_hall_layers, grunt_megastairs_3,
          lemuel_fruit_fields, uniq_nergalle
Lair:2:   layout_cave_shapes, shoals_dummy_entry,
          gammafunk_ghost_berserking_beasts
Lair:3:   layout_chaotic_city, guppyfry_snake_entry_garden, st_stairs_5,
          grunt_megastairs_4
Lair:4:   layout_layer_cave, slime_entry_2
Lair:5:   evilmike_catoblepas_cave, layout_cellular_growth,
          minmay_lair_oklob_items, serial_bayou_shore_b, grunt_megastairs_5
Shoals:1: layout_shoals
Shoals:2: layout_shoals
Shoals:3: layout_shoals, serial_shops, nicolae_shop_crystal,
          nicolae_shop_vocational, uniq_polyphemus
Shoals:4: shoals_end_hangedman, layout_shoals
Orc:1:    layout_caves, basic_altar, serial_shops, shop
Orc:2:    st_orc_town, layout_caves, serial_shops, shop, minmay_orc_treasury

Skill      XL: |  1  2  3  4  5  6  7  8  9 10 11 12 13 14 15 16 |
---------------+-------------------------------------------------+-----
Spellcasting   | 10 11 12 13 14 | 14.6
Invocations    | 1 2 3 4 5 6 7 8 9 10 11 12 | 12.6
Fighting       | 1 2 3 4 5 6 7 8 9 10 11 | 11.6
Short Blades   | 1 2 3 4 5 6 7 8 9 10 11 | 11.6
Long Blades    | 1 2 3 4 5 6 7 8 9 10 11 | 11.6
Axes           | 1 2 3 4 5 6 7 8 9 10 11 | 11.6
Maces & Flails | 1 2 3 4 5 6 7 8 9 10 11 | 11.6
Polearms       | 1 2 3 4 5 6 7 8 9 10 11 | 11.6
Staves         | 1 2 3 4 5 6 7 8 9 10 11 | 11.6
Ranged Weapons | 1 2 3 4 5 6 7 8 9 10 11 | 11.6
Throwing       | 1 2 3 4 5 6 7 8 9 10 11 | 11.6
Armour         | 1 2 3 4 5 6 7 8 9 10 11 | 11.6
Dodging        | 1 2 3 4 5 6 7 8 9 10 11 | 11.6
Stealth        | 1 2 3 4 5 6 7 8 9 10 11 | 11.6
Unarmed Combat | 1 2 3 4 5 6 7 8 9 10 11 | 11.6
Conjurations   | 1 2 3 4 5 6 7 8 9 |  9.8
Hexes          | 1 2 3 4 5 6 7 8 9 |  9.8
Summonings     | 1 2 3 4 5 6 7 8 9 |  9.8
Necromancy     | 1 2 3 4 5 6 7 8 9 |  9.8
Translocations | 1 2 3 4 5 6 7 8 9 |  9.8
Transmutations | 1 2 3 4 5 6 7 8 9 |  9.8
Fire Magic     | 1 2 3 4 5 6 7 8 9 |  9.8
Ice Magic      | 1 2 3 4 5 6 7 8 9 |  9.8
Air Magic      | 1 2 3 4 5 6 7 8 9 |  9.8
Earth Magic    | 1 2 3 4 5 6 7 8 9 |  9.8
Poison Magic   | 1 2 3 4 5 6 7 8 9 |  9.8
Shields        | 5 6 7 8 9 10 11 12 | 12.5
Evocations     | 9 10 11 12 13 14 | 14.5

Action                     |  1- 3 |  4- 6 |  7- 9 | 10-12 | 13-15 | 16-18 || total
---------------------------+-------+-------+-------+-------+-------+-------++-------
  Melee: Dagger            |    32 |       |       |       |       |       ||    32
         Bite              |     6 |     7 |    35 |    60 |   148 |    72 ||   328
         Short sword       |    22 |    68 |   265 |   265 |    40 |    85 ||   745
         Mace              |       |       |     6 |       |       |       ||     6
         Staff             |       |       |     3 |       |       |       ||     3
         Pair of quick bla |       |       |       |   181 |   786 |   306 ||  1273
         Quarterstaff      |       |       |       |    23 |    61 |       ||    84
         Punch             |       |       |       |     2 |     3 |     2 ||     7
         Bardiche          |       |       |       |       |       |     3 ||     3
   Fire: Sling             |    12 |   135 |       |       |       |       ||   147
   Cast: Sting             |    59 |    32 |    25 |    18 |       |       ||   134
         Frozen Ramparts   |       |       |     2 |    16 |    35 |     8 ||    61
         Mephitic Cloud    |       |       |    16 |    26 |     3 |     2 ||    47
         Scorch            |       |       |     1 |     1 |     4 |     3 ||     9
         Olgreb's Toxic Ra |       |       |       |    33 |    89 |    29 ||   151
         Flame Wave        |       |       |       |     4 |     3 |       ||     7
         Plasma Beam       |       |       |       |       |     3 |     3 ||     6
 Invoke: Shadow Step       |       |       |       |       |     1 |       ||     1
  Evoke: Wand              |       |     4 |     8 |     2 |     2 |     1 ||    17
    Use: Scroll            |       |       |    21 |    10 |     8 |     4 ||    43
         Potion            |       |       |     2 |     1 |     1 |     4 ||     8
   Stab: Sleeping          |       |     2 |     9 |     9 |    39 |    18 ||    77
         Confused          |       |       |     5 |    14 |     1 |     2 ||    22
         Distracted        |       |       |       |     1 |     3 |     7 ||    11
         Petrified         |       |       |       |       |     2 |     2 ||     4
         Petrifying        |       |       |       |       |     2 |       ||     2
 Armour: Robe              |    17 |    27 |    38 |       |       |       ||    82
         Troll leather arm |       |       |    27 |    82 |   158 |    73 ||   340
  Dodge: Dodged            |    36 |    72 |   172 |   221 |   534 |   317 ||  1352
  Block: Buckler           |    32 |    43 |   138 |    79 |       |       ||   292
